AoeStats
← KangourouGarou

MegaRandom

509086639Analyzed
2v2 RM · 6d ago on Sep 25, 2026· 54m 30s· 4 players
Game mode
Random Map
Map size
Medium (4 player)
Population
200
Speed
Normal
Resources
Standard
Victory
Conquest
Starting age
Dark Age
Ending age
Imperial Age
RankedLock teamsTeams togetherTeam positionsShared explorationLock speedFull tech treeHidden civsTurbo modeCheats
Victory
Defeat
🇫🇷 Goths · France
874
+8
🇫🇷 Danes · France
872
+8
🇦🇺 Spanish · Australia
712
-9
🇮🇹 Britons · Italy
648
-7
Amaromuro876
13:12 Feudal Age
13:58 Loom
15:25 Double-Bit Axe
25:31 Castle Age
26:44 Horse Collar
26:30 Light Cavalry
33:18 Crossbowman
35:53 Fletching
41:48 Gold Mining
42:21 Stone Mining
45:16 Gold Shaft Mining
46:02 Fishing Lines
symon.mcare
15:23 Feudal Age
16:17 Double-Bit Axe
23:53 Castle Age
23:00 Stone Mining
23:15 Padded Archer Armor
23:31 Bloodlines
24:51 Bow Saw
25:04 Gold Mining
31:12 Forging
32:55 Husbandry
35:40 Imperial Age
33:48 Wheelbarrow
36:43 Leather Archer Armor
35:52 Cavalier
38:05 Chemistry
37:27 Ballistics
37:57 Conscription
39:05 Elite Conquistador
41:21 Masonry
41:00 Elite Cannon Galleon
42:28 Ring Archer Armor
42:57 Stone Shaft Mining
47:26 Paladin
Guignom
13:45 Feudal Age
14:30 Fishing Lines
16:44 Double-Bit Axe
16:54 Gold Mining
16:53 Horse Collar
20:58 Castle Age
19:00 Stone Mining
22:45 Loom
27:21 Forging
27:12 Scale Mail Armor
28:07 Arson
35:08 Iron Casting
34:52 Chain Mail Armor
34:04 Elite Skirmisher
40:15 Heavy Plow
41:45 Wheelbarrow
45:15 Bow Saw
KangourouGarou
15:16 Feudal Age
13:32 Loom
16:40 Wheelbarrow
15:53 Double-Bit Axe
15:54 Fishing Lines
17:04 Horse Collar
17:45 Gold Mining
23:07 Castle Age
21:20 Forging
22:05 Man-at-Arms
24:32 Hand Cart
24:35 Bow Saw
24:17 Stone Mining
26:52 Long Swordsman
27:02 Pikeman
27:56 Pikeman
31:56 Iron Casting
31:22 Scale Mail Armor
32:19 Heavy Plow
36:39 Imperial Age
34:35 Chain Mail Armor
35:56 Anarchy
37:52 Crop Rotation
37:07 Elite Huskarl
37:50 Perfusion
37:55 Town Watch
40:17 Blast Furnace
39:57 Gillnets
41:09 Stone Shaft Mining
45:24 Squires
47:42 Conscription
55:44 Two-Man Saw
Connection lost

Rejoining the realm…

Still unreachable

The connection could not be restored.

Session expired

The server has moved on; the page needs a fresh start.